 Dungeon Crawl Stone Soup version 0.19-a0-1905-ge8b2aad (webtiles) character file.

102 Morenatsu the Slasher (level 4, -4/28 HPs)
             Began as a Tengu Monk on Oct 21, 2016.
             Slain by Crazy Yiuf
             ... wielding a +4 quarterstaff of chaos
              (11 damage)
             ... on level 3 of the Dungeon.
             The game lasted 00:05:13 (2597 turns).

Morenatsu the Slasher (Tengu Monk)                  Turns: 2597, Time: 00:05:14

Health: -4/28      AC:  2    Str: 12    XL:     4   Next: 77%
Magic:  5/5        EV: 14    Int: 10    God:
Gold:   134        SH:  0    Dex: 17    Spells: 0 memorised, 3 levels left

rFire  . . .     SeeInvis .     a - +0 falchion
rCold  . . .     Gourm    .     b - +0 robe
rNeg   . . .     Faith    .     (no shield)
rPois  .         Spirit   .     (helmet restricted)
rElec  .         Reflect  .     (no cloak)
rCorr  .         Harm     .     (no gloves)
MR     .....                    (boots unavailable)
Stlth  ++........               (no amulet)
                                (no ring)
                                (no ring)

@: very slightly contaminated, hasted, drained, very quick
A: beak, talons 3
a: no special abilities


You were on level 3 of the Dungeon.
You were not hungry.

You visited 1 branch of the dungeon, and saw 3 of its levels.

You collected 134 gold pieces.

Inventory:

Hand Weapons
 a - a +0 falchion (weapon)
Armour
 b - a +0 robe (worn)
Wands
 r - a wand of polymorph (11/24)
Scrolls
 j - 2 scrolls of identify
 k - a scroll of amnesia
 m - 2 scrolls of fog
 p - a scroll of remove curse
Potions
 d - a potion of haste
 e - a potion of ambrosia
 f - a potion of flight
 h - 2 potions of curing
 n - 2 potions of brilliance
 q - a potion of invisibility
Comestibles
 c - 2 bread rations
 g - 2 beef jerkies
 i - 2 meat rations
 l - 3 chunks of flesh
 o - 3 fruits


   Skills:
 - Level 3.0(2.7) Fighting
 - Level 5.2(4.9) Long Blades
 + Level 4.2(3.9) Dodging
 - Level 2.0(1.7) Stealth


You had 3 spell levels left.
You didn't know any spells.

Dungeon Overview and Level Annotations

Branches:
Dungeon (3/15)

Altars:

Annotations:
D:3 Crazy Yiuf


Innate Abilities, Weirdness & Mutations

You have a beak for a mouth.
You have claws for feet.


Message History

You hit Crazy Yiuf. You peck Crazy Yiuf, but do no damage.
Crazy Yiuf is severely wounded.
Crazy Yiuf flaps his cloak.
Crazy Yiuf closely misses you.
You riposte.
You completely miss Crazy Yiuf.
Crazy Yiuf is severely wounded.
You hit Crazy Yiuf but do no damage. You claw Crazy Yiuf, but do no damage.
Your peck misses Crazy Yiuf.
Crazy Yiuf is severely wounded.
Crazy Yiuf yells, "Action head fast!"
Crazy Yiuf hits you with a quarterstaff of chaos.
You barely miss Crazy Yiuf.
Crazy Yiuf is severely wounded.
Crazy Yiuf hits you with a quarterstaff of chaos!
* * * LOW HITPOINT WARNING * * *
You feel yourself speed up.
You are very lightly contaminated with residual magic.
You hit Crazy Yiuf but do no damage.
Crazy Yiuf is severely wounded.
Crazy Yiuf hits you with a quarterstaff of chaos!
You die...

####........
###....#......
#.....<.....##
#######.....# #...###
♣♣♣♣♣##.#.### ####
♣♣♣.♣..#......##
#...#♣..♣.......##...
#..g@.♣♣♣♣.♣....####.
#)..#♣♣ ♣♣.#..## #.
#### ♣♣#### ##


You could see Crazy Yiuf.

Vanquished Creatures
  4 adders
  2 worms (D:3)
  A dart slug (D:1)
  2 leopard geckos
  3 giant cockroaches
  10 goblins
  4 hobgoblins
  6 jackals
  A quokka (D:2)
  A ball python (D:3)
  6 bats
  A frilled lizard (D:2)
  5 kobolds
  12 rats
58 creatures vanquished.

Notes
Turn   | Place    | Note
-------+----------+-------------------------------------------
     0 | D:1      | Morenatsu the Tengu Monk began the quest for the Orb.
     0 | D:1      | Reached XP level 1. HP: 14/14 MP: 2/2
     6 | D:1      | Noticed a redback
     7 | D:1      | Noticed a hound
     7 | D:1      | Noticed a swamp drake
   134 | D:1      | Reached XP level 2. HP: 19/19 MP: 3/3
   200 | D:1      | Reached skill level 4 in Long Blades
  1170 | D:2      | Reached XP level 3. HP: 23/23 MP: 4/4
  1573 | D:2      | Reached skill level 5 in Long Blades
  2029 | D:3      | Reached XP level 4. HP: 24/28 MP: 5/5
  2531 | D:3      | Found a runed door.
  2588 | D:3      | Noticed Crazy Yiuf
  2597 | D:3      | Slain by Crazy Yiuf

Vault maps used:
D:1:      onia_arrival_zoo_common
D:3:      uniq_crazy_yiuf_cottage

Skill      XL: |  1  2  3  4 |
---------------+-------------+-----
Long Blades    | 4 5 |  5.2
Dodging        | 4 |  4.2
Fighting       | |  3.0
Stealth        | |  2.0

Action                   |  1- 3 |  4- 6 || total
-------------------------+-------+-------++-------
Melee: Falchion          |    90 |    54 ||   144
       Peck              |    16 |    13 ||    29
       Kick              |    31 |    16 ||    47
  Use: Scroll            |    11 |     1 ||    12
 Stab: Sleeping          |     3 |     2 ||     5
  Eat: Chunk             |     4 |     1 ||     5
Armor: Robe              |    17 |     8 ||    25
Dodge: Dodged            |    86 |    35 ||   121
       Rpst.: Falchion   |    32 |     7 ||    39
